Unix NetHack Version 5.0.0-0 post-release - last build Jul 14 2026 02:55:29 (1809b74e8187c3a3585e283601c3028b46cbbdcb,branch:main).

Game began 2026-07-11 11:30:08, ended 2026-07-14 16:44:10.

Anarchos, lawful female dwarven Valkyrie

                                         --------       -------
                                         |......|      #...\..|
                    ##(##########)/######.[.....|`##### |.....|
                   #%                    |.....[.#######-(....|
                                         ------T-       |.....[##
                                             ###        |..`..| [
                                             #          -----   #
                                             #                  [
                                         #####                  #
                                         #                      #
                                        -.--------              #-------
                                       #|.......^|              #|.)...|
                                        [........|              #|.....|
                                       ?|........|              #-.[...|
                                        |..([<...|               -------
                                        |........|
                                        ----------

Anarchos the Fighter        St:18/10 Dx:14 Co:22 In:7 Wi:10 Ch:8  Lawful
Dlvl:14 $:0  HP:0(90) Pw:43(43) AC:-7 Xp:9 T:18145  Burdened

Latest messages:
 The magic missile bounces!
 Violet bites the leprechaun.
 The leprechaun hits Violet.
 The leprechaun drinks a potion of speed!
 The leprechaun is suddenly moving faster.
 Violet bites the leprechaun.
 The leprechaun hits Violet.
 You are carrying too much to get through.
 Violet bites the leprechaun.
 The leprechaun hits Violet.
 You hit the Mordor orc!
 The Mordor orc thrusts his knife.
 The Mordor orc misses!
 The Mordor orc swings his knife.
 The Mordor orc hits!
 You hit the Mordor orc!
 The Mordor orc swings his knife.
 The Mordor orc misses!
 You miss the Mordor orc.
 The Mordor orc thrusts his knife.
 The Mordor orc misses!
 Violet bites the Mordor orc.
 The Mordor orc is killed!
 You have a little trouble lifting T - a wand of magic missile.
 What do you want to use or apply? [bdlnqvyETW or ?*] n
 Nothing happens.
 You swap places with Violet.
 Violet eats a Mordor orc corpse.
 The Olog-hai bashes with his hilted polearm.
 The Olog-hai hits!
 The Olog-hai hits!
 The Olog-hai bites!
 What do you want to zap? [bdvTW or ?*] ?
 In what direction? 9
 The magic missile hits the Olog-hai.
 The Olog-hai bashes with his hilted polearm.
 The Olog-hai hits!
 The Olog-hai hits!
 The Olog-hai bites!
 The Olog-hai bashes with his hilted polearm.
 The Olog-hai hits!
 The Olog-hai misses!
 The Olog-hai bites!
 The Olog-hai bashes with his hilted polearm.
 The Olog-hai hits!
 The Olog-hai hits!
 The Olog-hai bites!
 You die...
 Do you want your possessions identified? [ynq] (y) y
 Do you want to see your attributes? [ynq] (y) q

Inventory:
 Weapons  (')')
  a - a very corroded +1 dwarvish spear (weapon in right hand)
  t - a +0 long sword
  S - the +0 Orcrist
 Armor    ('[')
  e - a blessed +0 orcish helm (being worn)
  A - an uncursed +0 orcish helm
  G - an uncursed +0 pair of iron shoes (being worn)
  c - an uncursed thoroughly burnt +3 small shield (being worn)
  Q - an uncursed very burnt +3 cloak of invisibility (being worn)
  D - an uncursed +1 elven mithril-coat (being worn)
 Comestibles  ('%')
  u - an uncursed tin of dried chameleon meat
 Scrolls  ('?')
  J - an uncursed scroll of scare monster
  L - an uncursed scroll of teleportation
  i - a cursed scroll of teleportation
 Potions  ('!')
  M - a cursed potion of blindness
 Rings    ('=')
  C - an uncursed +2 ring of gain constitution (on left hand)
  s - an uncursed +2 ring of protection (on right hand)
 Wands    ('/')
  v - a wand of locking (0:6)
  T - a wand of magic missile (0:2)
  b - a wand of secret door detection (0:13)
  W - a wand of sleep (0:0)
  d - a wand of speed monster (0:5)
 Tools    ('(')
  q - an uncursed bag of holding containing 65 items
  E - a bag of tricks (0:5)
  l - an uncursed oil lamp
  y - an uncursed skeleton key
  n - a +0 unicorn horn
 Gems/Stones  ('*')
  K - an uncursed black opal

Contents of the bag of holding:
  2089 gold pieces
  a blessed rustproof +0 dagger
  4 +0 daggers
  a very corroded +0 dagger
  2 +0 elven daggers
  2 +0 worm teeth
  a cursed +0 silver saber
  a cursed -2 pair of fumble boots
  an uncursed +2 pair of water walking boots
  an uncursed +0 elven cloak
  an uncursed +0 elven cloak
  an uncursed +0 mummy wrapping
  an uncursed slime mold
  an uncursed candy bar labeled "Berry Bar"
  an uncursed partly eaten food ration
  10 uncursed food rations
  an uncursed fortune cookie
  an uncursed sprig of wolfsbane
  3 uncursed tripe rations
  an uncursed egg
  an uncursed lizard corpse
  4 uncursed lizard corpses
  3 uncursed scrolls of blank paper
  a cursed scroll of blank paper
  an uncursed scroll of charging
  an uncursed scroll of confuse monster
  a cursed scroll of confuse monster
  2 uncursed scrolls of earth
  a cursed scroll of enchant armor named cursed
  an uncursed scroll of food detection
  a blessed scroll of identify
  2 uncursed scrolls of light
  2 uncursed scrolls of magic mapping
  an uncursed scroll of punishment
  an uncursed potion of booze
  an uncursed potion of fruit juice
  an uncursed potion of gain level
  a blessed potion of levitation
  3 uncursed potions of object detection
  a cursed potion of object detection
  an uncursed potion of see invisible
  a blessed potion of sickness
  an uncursed potion of sickness
  2 uncursed potions of speed
  an uncursed -1 ring of adornment
  a cursed ring of aggravate monster named cursed
  a cursed +1 ring of gain constitution named cursed
  an uncursed ring of hunger
  a cursed ring of poison resistance named cursed
  an uncursed ring of polymorph
  a cursed ring of polymorph named cursed
  a blessed wand of light (0:11)
  an uncursed wooden flute
  an uncursed figurine of a lynx
  a +0 pick-axe
  an uncursed skeleton key
  an uncursed towel
  a cursed towel
  a +0 unicorn horn
  a cursed wax candle
  an uncursed dilithium crystal
  an uncursed topaz stone
  an uncursed worthless piece of orange glass
  an uncursed worthless piece of white glass
  an uncursed worthless piece of yellowish brown glass

Anarchos the Valkyrie's attributes:

Background:
 You were a Fighter, a level 9 dwarven Valkyrie.
 You were lawful, on a mission for Tyr
 who was opposed by Odin (neutral) and Loki (chaotic).
 You were right-handed.
 You were in the Dungeons of Doom, on level 14.
 You entered the dungeon 18145 turns ago.
 There was a new moon in effect when your adventure ended.
 You had 5043 experience points, 77 more were needed to attain level 10.

Basics:
 You had 0 out of 90 hit points.
 You had all 43 energy points (spell power).
 Your armor class was -7.
 Your wallet was empty, but
 you had 2089 zorkmids stashed away in your pack.
 Autopickup was on for all types.

Final Characteristics:
 Your strength was 18/10 (limit:18/100).
 Your dexterity was 14 (limit:20).
 Your constitution was 22 (base:20, innate limit:20).
 Your intelligence was 7 (limit:16).
 Your wisdom was 10 (limit:16).
 Your charisma was 8 (limit:16).

Final Status:
 You weren't hungry.
 You were burdened; movement was slightly slowed.
 You were wielding a spear.
 You had expert skill with spear.

Final Attributes:
 You were piously aligned.
 You were cold resistant.
 You were telepathic.
 You had infravision.
 You were invisible.
 You were stealthy.
 You had a small defense bonus (+2).
 You were protected.
 You were fast.
 You are dead.

Miscellaneous:
 You encountered 2 bones levels.
 Total elapsed playing time was 8 hours, 58 minutes and 36 seconds.

Major events:
 Turn
    1: Anarchos the lawful dwarven Valkyrie entered the dungeon
 1106: attained the rank of Skirmisher (level 3)
 1571: attained the rank of Fighter (level 6)
 2065: entered the Gnomish Mines
 6408: entered Sokoban
 6968: completed 1st Sokoban level
 7280: completed 2nd Sokoban level
 7601: completed 3rd Sokoban level
 8832: completed 4th Sokoban level
 9685: chose an elven broadsword to be named "Orcrist"
10891: acquired the Sokoban bag of holding
12915: entered the Bigroom
18145: killed by an Olog-hai

You didn't know any spells.

Skills:
 Fighting Skills
   bare handed combat [Basic]
   two weapon combat  [Unskilled]
   riding             [Unskilled]
 Weapon Skills
   dagger             [Basic]
   axe                [Unskilled]
   pick-axe           [Unskilled]
   short sword        [Unskilled]
   broadsword         [Unskilled]
   long sword         [Basic]
   two-handed sword   [Unskilled]
   saber              [Unskilled]
   hammer             [Unskilled]
   quarterstaff       [Unskilled]
   polearms           [Unskilled]
   spear              [Expert]
   trident            [Unskilled]
   lance              [Unskilled]
   sling              [Unskilled]
 Spellcasting Skills
   attack spells      [Unskilled]
   escape spells      [Unskilled]

Voluntary challenges:
 Character rerolling was not enabled.
 You never genocided any monsters.
 You never polymorphed an object.
 You used no wishes.
 You did not violate any of the special Sokoban rules.
Achievements:
 You entered a shop.
 You attained the rank of Skirmisher.
 You attained the rank of Fighter.
 You entered the Gnomish Mines.
 You entered Sokoban.
 You completed Sokoban.
 You entered a temple.
 You entered the Big Room.

 The Dungeons of Doom: levels 1 to 14
    Level 1:
    Level 2:
       A fountain.
    Level 3:
       A general store.
       Stairs down to The Gnomish Mines.
    Level 4:
       An armor shop, a fountain.
    Level 5:
       A general store.
       Final resting place for
          androo-Wiz-Hum-Mal-Neu, killed by a giant ant.
    Level 6:
       A fountain.
    Level 7:
       Many fountains.
       Oracle of Delphi.
    Level 8:
       Some fountains, many trees.
       Stairs up to Sokoban, level 7.
    Level 9:
       A fountain.
    Level 10:
       A temple and an altar, a fountain.
    Level 11:
       A very big room.
    Level 12:
       An altar, a fountain.
    Level 13:
       A sink, many graves.
       Summoned by the Norn.
    Level 14: <- You were here.
       A throne.
       Final resting place for
          you, killed by an Olog-hai.
 The Gnomish Mines: levels 4 to 6
    Level 4:
    Level 5:
       A grave.
       Final resting place for
          nsemrau-Bar-Hum-Mal-Cha, killed by a dwarf lord.
    Level 6:
 Sokoban: levels 7 up to 4
    Level 4:
       Solved.
    Level 5:
       Solved.
    Level 6:
       Solved.
    Level 7:
       Solved.


Vanquished creatures:
  2 Olog-hai
  5 ghosts
  3 queen bees
  4 giant mimics
  2 long worms
  a zruty
  a flesh golem
 an elven monarch
  3 large mimics
  2 earth elementals
  a hill giant
  a giant mummy
  a black naga
  a giant zombie
  a warg
  2 winter wolves
 17 small mimics
  2 warhorses
  3 xans
  a quantum mechanic
  2 trolls
  2 gelatinous cubes
  a large dog
  a freezing sphere
  2 tigers
  2 gargoyles
  3 ochre jellies
  a leocrotta
  a mountain centaur
  2 human mummies
  2 red nagas
  2 pythons
  a pit viper
  3 wraiths
  2 ettin zombies
  2 Grey-elves
 an amorous demon
  2 chameleons
  a crocodile
  a giant beetle
  2 cockatrices
  4 wolves
  a lynx
  4 leprechauns
  3 orc-captains
  a mumak
  2 scorpions
  a horse
  3 black lights
  3 vampire bats
  3 gnome rulers
  2 orc mummies
  4 ogres
  3 rust monsters
 an owlbear
  a yeti
  2 gold golems
  a Green-elf
  8 lizards
  2 dingoes
  a jaguar
  a dwarf leader
  a white unicorn
  a gray unicorn
  4 ravens
  3 plains centaurs
  a gnome mummy
  3 snakes
  4 water moccasins
  2 apes
  2 human zombies
  4 Woodland-elves
  3 soldier ants
  6 bugbears
  a quasit
  5 wood nymphs
  a mountain nymph
  4 Mordor orcs
  3 Uruk-hai
 an orc shaman
  a rock mole
  a pony
  6 fog clouds
  7 yellow lights
  2 shriekers
  2 violet fungi
  4 gnome leaders
  a gnomish wizard
  2 kobold mummies
  3 gray oozes
  a barrow wight
  a straw golem
  2 paper golems
  6 giant ants
  5 floating eyes
  a kitten
  a dwarf
  3 kobold leaders
 16 hill orcs
  2 rothes
  a rabid rat
  3 giant bats
 an orc zombie
  3 dwarf zombies
  a wererat
  a werejackal
  5 iguanas
 22 killer bees
 14 acid blobs
  2 coyotes
  2 hobbits
 13 hobgoblins
  a giant rat
  a cave spider
  4 yellow molds
  4 green molds
  3 red molds
  4 gnomes
 18 garter snakes
  4 gnome zombies
  6 geckos
  9 jackals
  3 foxes
  a kobold
  3 goblins
  6 grid bugs
  5 bats
  6 lichens
  a kobold zombie
  3 newts
407 creatures vanquished.

No species were genocided or became extinct.

Game over:
                       ----------
                      /          \
                     /    REST    \
                    /      IN      \
                   /     PEACE      \
                  /                  \
                  |     Anarchos     |
                  |     2089 Au      |
                  |   killed by an   |
                  |     Olog-hai     |
                  |                  |
                  |                  |
                  |       2026       |
                 *|     *  *  *      | *
        _________)/\\_//(\/(/\)/\//\/|_)_______

Farvel Anarchos the Valkyrie...

You died in The Dungeons of Doom on dungeon level 14 with 39997 points,
and 2089 pieces of gold, after 18145 moves.
You were level 9 with a maximum of 90 hit points when you died.

